 Dungeon Crawl Stone Soup version 0.28.0-53-g5a82cb258f (webtiles) character file.

Game seed: 14542390596151241406

29 NinjaNoafa the Magician (level 3, 25/25 HPs)
             Began as a Djinni Ice Elementalist on Aug 20, 2022.
             Quit the game on level 1 of the Dungeon on Aug 21, 2022.
             The game lasted 00:03:55 (1349 turns).

NinjaNoafa the Magician (Djinni Ice Elementalist)   Turns: 1349, Time: 00:03:56

Health: 25/25      AC:  3    Str:  7    XL:     3   Next: 32%
Gold:   36         EV: 12    Int: 18    God:
                   SH:  0    Dex: 13

rFire   + + .      SeeInvis .   (no weapon)
rCold   x . .      Faith    .   (no shield)
rNeg    . . .      Spirit   .   a - +0 robe
rPois   ∞          Reflect  .   (no helmet)
rElec   .          Harm     .   i - +0 cloak
rCorr   .          Rampage  .   (no gloves)
Will    .....                   (boots unavailable)
Stlth   ++........              (no amulet)
HPRegen 0.08/turn               (no ring)
MPRegen 0.00/turn               (no ring)

@: flying
A: sickness immunity, fire resistance 2, cold vulnerability 1, float, innate
caster, HP casting, extra vitality 1
a: no special abilities


You were on level 1 of the Dungeon.
You visited 1 branch of the dungeon, and saw 1 of its levels.

You collected 36 gold pieces.

Inventory:

Hand Weapons
 c - a +0 dagger
Missiles
 d - 45 stones
 g - 5 poisoned darts
Armour
 a - a +0 robe (worn)
 i - a +0 cloak (worn)
Scrolls
 e - 2 scrolls of identify {unknown}
 f - a scroll of teleportation {unknown}
 h - 2 scrolls of immolation {unknown}
Potions
 b - a potion of might {unknown}


   Skills:
 - Level 3.0 Dodging
 - Level 2.0 Stealth
 + Level 3.5 Spellcasting


You couldn't memorise any spells.
You knew the following spells:

 Your Spells              Type           Power      Damage    Failure   Level
a - Freeze                Ice            64%        1d8       3%          1
b - Frozen Ramparts       Ice            32%        1d5       11%         3
c - Ozocubu's Armour      Ice            16%        N/A       11%         3
d - Hailstorm             Conj/Ice       16%        3d6       34%         4
e - Animate Skeleton      Necr           32%        N/A       3%          1
Your spell library was empty.

Dungeon Overview and Level Annotations

Branches:
Dungeon (1/15)

Altars:


Innate Abilities, Weirdness & Mutations

You are immune to sickness and miasma.
You are immune to poison.
Your flesh is very heat resistant. (rF++)
You are vulnerable to cold. (rC-)
You float through the air rather than walking.
You learn spells naturally, not from books.
Your magical power is your life essence.
You have superior vitality. (+4 MHP)


Message History

A ball python comes into view.
You freeze the ball python.
You kill the ball python!
You aren't carrying any pieces of jewellery.
Found a cloak.
A goblin and a kobold come into view.
The goblin shouts!
The kobold shouts!
You see here a +0 cloak.
i - a +0 cloak You freeze the goblin.
The goblin is moderately wounded.
The goblin closely misses you.
Casting: Freeze (safe; 3% risk of failure)
Confirm with . or Enter, or press ? or * to list all spells.
The spell is quite dangerous to miscast (11% risk of failure)!
Continue anyway?
Casting: Frozen Ramparts (quite dangerous; 11% risk of failure)
Press: ? - help, Dir - look around, f - activate The walls around you are covered in ice.
The wall freezes the goblin.
You kill the goblin!
The wall freezes the kobold.
You kill the kobold!
Training target 3.0 for Dodging reached!
Your Dodging skill increases to level 3!
You start resting.
The frozen ramparts melt away.
You start putting on your armour.
You continue putting on your +0 cloak. x4
You finish putting on your +0 cloak.
HP restored.
You see here a +0 dagger.
You see here a +0 club.
Found a hunting sling.
Saving game... please wait.
Welcome back, NinjaNoafa the Djinni Ice Elementalist.
Press ? for a list of commands and other information.
Welcome back, NinjaNoafa the Djinni Ice Elementalist.
Press ? for a list of commands and other information.
Welcome back, NinjaNoafa the Djinni Ice Elementalist.
Press ? for a list of commands and other information.
Are you sure you want to abandon this character and quit the game? (Confirm with "yes".)

.# #.# ### #
#.##.# #.. . .
#...)# #.# .#
#. #.....
###### ###.##)
##. #....
.....# .....
......##....
####.# #...
........>..#
#.# #..#
#.##..##..)†
#.# #.@#
#.##........
#.# #..#
#.##.###..##
#.# #..#
#.##.###..## #
#.# #######..#
#.##........ #
#.# #...))...#
##.##.###..## #
#.####.#####.##
#.....###..# #
#............#
#..#...##..# #
######.#######
#..........## #
#.#
#.##...###>..


There were no monsters in sight!

Vanquished Creatures
  2 ball pythons (D:1)
  A bat (D:1)
  3 endoplasms (D:1)
  A giant cockroach (D:1)
  3 hobgoblins (D:1)
  4 jackals (D:1)
  3 quokkas (D:1)
  A frilled lizard (D:1)
  2 goblins (D:1)
  4 kobolds (D:1)
24 creatures vanquished.

Notes
Turn   | Place    | Note
-------+----------+-------------------------------------------
     0 | D:1      | NinjaNoafa the Djinni Ice Elementalist began the quest for
                  | the Orb.
     0 | D:1      | Reached XP level 1. HP: 15/15 MP: 0/0
   125 | D:1      | Reached XP level 2. HP: 5/21 MP: 0/0
   658 | D:1      | Reached XP level 3. HP: 13/25 MP: 0/0
   658 | D:1      | Learned a level 1 spell: Animate Skeleton
  1349 | D:1      | Quit the game

Illustrated notes

Levels and vault maps discovered:
D:1:      dpeg_arrival_shelter, layout_loops_ring

Skill      XL: |  1  2  3 |
---------------+----------+-----
Stealth        | 2 |  2.0
Dodging        | 3 |  3.0
Spellcasting   | |  3.5

Action                   || total
-------------------------++-------
 Cast: Freeze            ||    35
       Frozen Ramparts   ||     1
Armor: Robe              ||     1
Dodge: Dodged            ||    13
